 Dungeon Crawl Stone Soup version 0.30-a0-371-gad7725a93e (webtiles) character file.

Game seed: 16149315049918706804

2835 bande the Cleaver (level 9, -7/56 HPs)
             Began as a Gargoyle Fighter on Nov 22, 2022.
             Mangled by an ogre
             ... wielding a +0 giant spiked club
              (15 damage)
             ... on level 3 of the Dungeon.
             The game lasted 00:09:35 (5488 turns).

bande the Cleaver (Gargoyle Fighter)                Turns: 5488, Time: 00:09:36

Health: -7/56      AC: 26    Str: 22    XL:     9   Next: 73%
Magic:  9/9        EV: 11    Int: 10    God:
Gold:   166        SH:  5    Dex: 13    Spells: 6/8 levels left

rFire   + . .      SeeInvis .    a - +0 war axe
rCold   + . .      Faith    .    c - +0 buckler
rNeg    + . .      Spirit   .    k - +3 chain mail
rPois   ∞          Reflect  .    (no helmet)
rElec   +          Harm     .    z - scarf {rC+ rF+}
rCorr   .          Rampage  .    B - +2 pair of gloves {Str+3}
Will    .....                    (no boots)
Stlth   ..........               (no amulet)
HPRegen 0.29/turn                o - +4 ring of protection
MPRegen 0.11/turn                D - +4 ring of evasion

@: no status effects
A: sickness immunity, AC +6, negative energy resistance 1, electricity
resistance, torment resistance 1, petrification resistance
a: no special abilities


You were on level 3 of the Dungeon.
You visited 1 branch of the dungeon, and saw 5 of its levels.

You collected 353 gold pieces.
You spent 187 gold pieces at shops.

Inventory:

Hand Weapons
 a - a +0 war axe (weapon)
 r - a +0 flail
 A - a +3 flail of protection
Armour
 c - a +0 buckler (worn)
 k - a +3 chain mail (worn)
 z - a scarf of resistance (worn)
 B - a +2 pair of gloves of strength (worn)
 G - a scarf of repulsion
Jewellery
 g - an amulet of magic regeneration
 o - a +4 ring of protection (left hand)
 D - a +4 ring of evasion (right hand)
Wands
 y - a wand of roots (4)
 F - a wand of polymorph (1)
Scrolls
 b - a scroll of silence {unknown}
 e - a scroll of fear {unknown}
 f - 2 scrolls of butterflies {unknown}
 j - a scroll of vulnerability {unknown}
 l - 7 scrolls of identify {unknown}
 m - a scroll of amnesia {unknown}
 p - a scroll of teleportation {unknown}
 t - a scroll of acquirement {unknown}
 v - a scroll of poison {unknown}
 w - a scroll of blinking {unknown}
 x - 2 scrolls of brand weapon {unknown}
Potions
 d - a potion of might
 h - a potion of brilliance {unknown}
 i - 2 potions of degeneration {unknown}
 n - 3 potions of curing {unknown}
 q - a potion of haste {unknown}
 s - 3 potions of heal wounds {unknown}
 u - 5 potions of attraction {unknown}
 C - a potion of flight {unknown}
 E - 3 potions of lignification {unknown}


   Skills:
 + Level 6.4 Fighting
 + Level 8.9 Axes
 + Level 6.3 Armour
 + Level 6.2 Shields
 * Level 1.1 Translocations
 * Level 1.8 Evocations


You had 6 spell levels left.
You knew the following spells:

 Your Spells              Type           Power      Damage    Failure   Level
a - Blink                 Tloc           4%         N/A       98%         2

Your spell library contained the following spells:

 Spells                   Type           Power      Damage    Failure   Level
 Sandblast                Erth           0%         2d4       98%         1
 Momentum Strike          Conj/Tloc      2%         3d8       99%         2
 Passwall                 Tmut/Erth      0%         N/A       99%         2
 Wereblood                Tmut           0%         N/A       99%         2
 Dazzling Flash           Conj/Hex       0%         N/A       100%        3
 Lesser Beckoning         Tloc           4%         N/A       100%        3
 Stone Arrow              Conj/Erth      0%         3d7       100%        3
 Airstrike                Air            0%         2d(0-16)  100%        4
 Anguish                  Hex/Necr       0%         N/A       100%        4
 Manifold Assault         Tloc           2%         N/A       100%        4
 Olgreb's Toxic Radiance  Pois           0%         N/A       100%        4
 Summon Lightning Spire   Summ/Air       0%         N/A       100%        4
 Agony                    Necr           0%         N/A       100%        5
 Lightning Bolt           Conj/Air       0%         1d11      100%        5
 Silence                  Hex/Air        0%         N/A       100%        5
 Dispersal                Tloc           1%         N/A       100%        6
 Enfeeble                 Hex            0%         N/A       100%        7
 Ozocubu's Refrigeration  Ice            0%         4d7       100%        7
 Summon Hydra             Summ           0%         N/A       100%        7
 Disjunction              Tloc           1%         N/A       100%        8
 Ignition                 Fire           0%         3d3       100%        8
 Sublimation of Blood     Necr           Unusable   N/A       N/A         2

Dungeon Overview and Level Annotations

Branches:
Dungeon (5/15)
 Temple: D:4-7

Altars:
Fedhas

Shops:
D:5 [

Annotations:
D:3 1 transporter, Groverdextrious's ghost, amateur HOFi
D:5 Ijyb


Innate Abilities, Weirdness & Mutations

You are immune to sickness and miasma.
Your stone body is resilient. (AC +6)
You are immune to poison.
You resist negative energy. (rN+)
You are resistant to electric shocks. (rElec)
You are resistant to unholy torment.
You are immune to petrification.


Message History

The ogre hits you with a +0 giant spiked club!
You hit the ogre.
The ogre is heavily wounded.
You hit Groverdextrious's ghost.
Groverdextrious's ghost hits you but does no damage.
You completely miss the ogre.
The ogre is heavily wounded.
You hit Groverdextrious's ghost but do no damage.
The ogre closely misses you.
Groverdextrious's ghost closely misses you.
You block Groverdextrious's ghost's attack.
You hit the ogre.
The ogre is heavily wounded.
You hit Groverdextrious's ghost. You block the ogre's attack.
Groverdextrious's ghost hits you but does no damage.
You barely miss the ogre.
The ogre is heavily wounded.
You closely miss Groverdextrious's ghost.
The ogre completely misses you. Groverdextrious's ghost hits you.
You hit the ogre but do no damage.
The ogre is heavily wounded.
You hit Groverdextrious's ghost but do no damage.
You block Groverdextrious's ghost's attack.
You hit the ogre.
The ogre is severely wounded.
You hit Groverdextrious's ghost but do no damage.
The ogre barely misses you. Groverdextrious's ghost hits you!
* * * LOW HITPOINT WARNING * * *
You barely miss the ogre.
The ogre is severely wounded.
You closely miss Groverdextrious's ghost.
The ogre hits you with a +0 giant spiked club!
* * * LOW HITPOINT WARNING * * *
Groverdextrious's ghost hits you but does no damage.
You slash the ogre!
The ogre is almost dead.
You barely miss Groverdextrious's ghost.
Groverdextrious's ghost hits you but does no damage.
The ogre hits you with a +0 giant spiked club!
You die...

...#...###.#...####.#.#
)..#...##..#.### #.#.###########
...........#.########..#.........
.#############......#..#.........
.# #..#..##..#..#......... .#
#.##.#..#.#..#......... .##
#.##.#..#.#..##.......#
..#########.##.O##..#©.##.......#
#............#©.@W.?#...........#
#######......#..##.!#©..........#
#......#.#..#.#...........#
#......#.#..#.#...<.......#
#......#..##..#...........#
#......#.....©#....#'######
#......########....#.######
#......)# #................
#####.#.# #################


You could see an ogre and Groverdextrious's ghost.

Vanquished Creatures
  Pikel (D:5)
  Eustachio (D:5)
  Edmund (D:5)
  2 water moccasins (D:5)
  2 black bears
  2 ice beasts (D:5)
  3 ogres
  The ghost of pigah the Trooper, an amateur OpWn (D:3)
  2 phantoms (D:5)
  A kobold brigand (D:3)
  2 scorpions (D:5)
  2 necrophages (D:5)
  8 hounds
  4 orc priests
  An iguana (D:5)
  An orc wizard (D:3)
  10 gnolls (D:3)
  8 adders
  A shadow imp (D:5)
  A white imp (D:5)
  4 worms
  2 dart slugs
  18 orcs
  8 endoplasms
  A giant cockroach (D:4)
  7 goblins
  5 hobgoblins
  12 jackals
  7 kobolds
  7 quokkas
  5 ball pythons
  6 bats
  2 frilled lizards (D:1)
  5 rats
143 creatures vanquished.

Vanquished Creatures (others)
  An orc wizard (D:3)
  2 plants (D:4)
3 creatures vanquished.

Grand Total: 146 creatures vanquished

Notes
Turn   | Place    | Note
-------+----------+-------------------------------------------
     0 | D:1      | bande the Gargoyle Fighter began the quest for the Orb.
     0 | D:1      | Reached XP level 1. HP: 14/14 MP: 1/1
   236 | D:1      | Reached XP level 2. HP: 19/19 MP: 2/2
   268 | D:1      | Reached skill level 2 in Axes
   811 | D:2      | Reached XP level 3. HP: 15/23 MP: 3/3
  1484 | D:3      | Noticed a black bear
  1519 | D:2      | Killed a black bear
  1520 | D:2      | Reached skill level 3 in Axes
  1520 | D:2      | Reached XP level 4. HP: 14/29 MP: 4/4
  1520 | D:2      | Reached XP level 5. HP: 15/33 MP: 5/5
  1765 | D:3      | Noticed a kobold brigand
  1791 | D:3      | Killed a kobold brigand
  1792 | D:3      | Reached skill level 4 in Axes
  1792 | D:3      | Reached XP level 6. HP: 28/38 MP: 6/6
  2443 | D:3      | Noticed Groverdextrious's ghost (amateur HOFi)
  2444 | D:3      | Found a transporter.
  2448 | D:3      | Found a transporter.
  2729 | D:4      | Found a runed translucent gate.
  2730 | D:4      | Found a runed translucent gate.
  2730 | D:4      | Found a runed translucent gate.
  2731 | D:4      | Noticed pigah's ghost (amateur OpWn)
  2731 | D:4      | Identified the +3 sling of Noqem {freeze, *Slow rC+ Str+3}
  2731 | D:4      | Identified the +4 ring mail of Parlour Games {rPois}
  2778 | D:4      | Reached XP level 7. HP: 42/44 MP: 7/7
  2834 | D:4      | Reached skill level 5 in Axes
  2978 | D:4      | Found a blossoming altar of Fedhas.
  3210 | D:3      | Killed pigah's ghost
  3493 | D:5      | Entered Level 5 of the Dungeon
  3510 | D:5      | Noticed Ijyb
  3526 | D:5      | Noticed Edmund
  3538 | D:5      | Reached skill level 5 in Armour
  3545 | D:5      | Killed Edmund
  3546 | D:5      | Reached skill level 6 in Axes
  3546 | D:5      | Reached XP level 8. HP: 10/48 MP: 8/8
  3803 | D:5      | Reached skill level 5 in Fighting
  3863 | D:5      | Reached skill level 5 in Shields
  3890 | D:5      | Found Komiewk's Antique Armour Boutique.
  3899 | D:5      | Bought a pair of glowing gloves for 187 gold pieces
  3937 | D:5      | Noticed Eustachio
  4300 | D:5      | Reached skill level 7 in Axes
  4569 | D:5      | Noticed Pikel
  4577 | D:5      | Killed Pikel
  4578 | D:5      | Reached skill level 8 in Axes
  4578 | D:5      | Reached XP level 9. HP: 55/55 MP: 9/9
  5020 | D:5      | Killed Eustachio
  5021 | D:5      | Reached skill level 1 in Evocations
  5156 | D:5      | Learned a level 2 spell: Blink
  5478 | D:3      | Reached skill level 1 in Translocations
  5488 | D:3      | Mangled by an ogre

Illustrated notes

Levels and vault maps discovered:
D:1:      psy_arrival_basics, layout_loops_ring
D:2:      layout_basic, nrook_loot_triangle
D:3:      minmay_recursive_quarters, layout_basic, gammafunk_ghost_smash
D:4:      layout_basic, fedhas_altar_1, biasface_ghost_orc_armoury
D:5:      minmay_razor_zed, layout_basic, minmay_temple_entry_from_below_b,
          serial_shops, nicolae_shop_waterfront, uniq_ijyb, uniq_edmund,
          uniq_eustachio, uniq_pikel

Skill      XL: |  1  2  3  4  5  6  7  8  9 |
---------------+----------------------------+-----
Axes           | 2 3 4 6 8 |  8.9
Armour         | 4 5 6 |  6.3
Fighting       | 4 6 |  6.4
Shields        | 4 6 |  6.2
Evocations     | 1 |  1.8
Translocations | 1 |  1.1

Action                   |  1- 3 |  4- 6 |  7- 9 || total
-------------------------+-------+-------+-------++-------
Melee: War axe           |   153 |   148 |   320 ||   621
Armor: Scale mail        |    20 |       |       ||    20
       Chain mail        |   126 |   114 |   226 ||   466
       Skin              |       |       |    41 ||    41
Dodge: Dodged            |    93 |    37 |   177 ||   307
Block: Buckler           |    49 |    34 |   110 ||   193

Table legend: (Time is in decaauts)
 A = Elapsed time spent in this place.
 B = Non-inter-level travel time spent in this place.
 C = Inter-level travel time spent in this place.
 D = Time resting spent in this place.
 E = Time spent auto-exploring this place.
 F = Levels seen in this place.
 G = Mean time per level.
                   A        B        C        D        E       F      G
               +--------+--------+--------+--------+--------+-----+--------+
         Total |   5665 |   5620 |     45 |    807 |   3239 |   5 | 1133.0 |
       Dungeon |   5665 |   5620 |     45 |    807 |   3239 |   5 | 1133.0 |
               +--------+--------+--------+--------+--------+-----+--------+

Top non-repeatable levels by time:
     D:5: 1706 daAuts
     D:3: 1367 daAuts
     D:2: 917 daAuts
     D:4: 914 daAuts
     D:1: 758 daAuts
